 Dungeon Crawl Stone Soup version 0.15.0-34-g666c3a1 (webtiles) character file.

5959 Jenx the Brawler (level 10, 82/82 (88) HPs)
             Began as a Troll Monk on Sept 8, 2014.
             Was a High Priest of Okawaru.
             Quit the game on Level 9 of the Dungeon on Sept 16, 2014.
             The game lasted 00:26:39 (9302 turns).

Jenx the Brawler (Troll Monk)                       Turns: 9302, Time: 00:26:39

HP  82/82 (88)   AC  7     Str 21      XL: 10   Next: 54%
MP  13/13        EV 10     Int  6      God: Okawaru [*****.]
Gold 416         SH  0     Dex 15      Spells:  0 memorised,  9 levels left

rFire  . . .     SeeInvis +       - Unarmed
rCold  . . .     Clarity  .     D - +2 robe {MR+}
rNeg   . . .     rCorr    .     (shield restricted)
rPois  .         rRot     .     R - +0 hat
rElec  .         Spirit   +     (no cloak)
SustAb .         Warding  .     (gloves unavailable)
rMut   .         Stasis   .     (boots unavailable)
Gourm  +                        t - amulet of guardian spirit
MR     +....                    O - cursed ring of see invisible
                                z - ring of magical power

@: somewhat resistant to hostile enchantments, unstealthy
A: unfitting armour, claws 3, fast metabolism 3, gourmand, regeneration 2,
saprovore 2, shaggy fur 1, tough skin 2
a: Heroism, Finesse, Renounce Religion


You were on level 9 of the Dungeon.
You worshipped Okawaru.
Okawaru was extremely pleased with you.
You were not hungry.

You visited 2 branches of the dungeon, and saw 10 of its levels.
You also visited: Sewer.

You collected 416 gold pieces.

Inventory:

Hand weapons
 v - a +0 scythe of venom
Missiles
 o - 14 stones
 y - 5 javelins (quivered)
 J - 14 bolts
Armour
 w - a +2 robe of cold resistance
 D - a +2 robe of magic resistance (worn)
 R - a +0 hat (worn)
Magical devices
 n - a wand of confusion (0)
 x - a wand of cold (8)
 A - a wand of random effects (4)
 P - a wand of fire (8)
 Q - a wand of frost (12)
Comestibles
 b - 5 meat rations
 r - 5 bread rations
 s - 2 beef jerkies
 M - a royal jelly
Scrolls
 d - 2 scrolls of amnesia {unknown}
 e - 6 scrolls of recharging {unknown}
 g - 8 scrolls of identify
 i - 6 scrolls of teleportation {unknown}
 l - 3 scrolls of remove curse {unknown}
 m - 9 scrolls of magic mapping
 p - a scroll of fear {unknown}
 q - 2 scrolls of fog {unknown}
 K - a scroll of enchant armour {unknown}
 L - a scroll of random uselessness {unknown}
 N - a scroll of noise {unknown}
Jewellery
 t - an amulet of guardian spirit (around neck)
 z - a ring of magical power (left claw)
 O - a cursed ring of see invisible (right claw)
 U - an uncursed ring of positive energy {unknown}
Potions
 a - 4 potions of berserk rage {unknown}
 c - 3 potions of brilliance
 f - 2 potions of heal wounds
 h - 2 potions of mutation {unknown}
 j - a potion of lignification {unknown}
 k - 6 potions of curing
 u - 2 potions of degeneration {unknown}
 B - 2 potions of restore abilities {unknown}
 C - 2 potions of poison {unknown}
 E - 3 potions of haste {unknown}
 G - 3 potions of might {unknown}
 H - 2 potions of magic {unknown}
 I - a potion of invisibility {unknown}
 S - a potion of flight {unknown}
Magical staves
 F - a cursed staff of fire


   Skills:
 - Level 2.4 Fighting
 - Level 2.4 Dodging
 - Level 1.1 Stealth
 * Level 15.5 Unarmed Combat


You had 9 spell levels left.
You didn't know any spells.

Dungeon Overview and Level Annotations

Branches:
Dungeon (9/15)             Temple (1/1) D:5
    Orc: D:9-12        Lair: D:8-11

Altars:
Ashenzari
Cheibriados
Dithmenos
Elyvilon
Fedhas
Kikubaaqudgha
Makhleb
Nemelex Xobeh
Okawaru
Qazlal
Sif Muna
Trog
Vehumet
Xom
Yredelemnul
Zin
The Shining One

Shops:
D:6 (

Annotations:
D:3 1 exclusion, Blork the orc


Innate Abilities, Weirdness & Mutations

You are too large for most types of armour.
You have claws for hands.
Your metabolism is lightning-fast.
You like to eat raw meat.
You heal very quickly.
You can eat rotten meat.
You are covered in fur (AC +1).
You have very tough skin (AC +2).


Message History

HP restored.
You see here a ring mail.
Done exploring.
Eat which item? (? for menu, Esc to quit)
Okay, then.
Done exploring.
Save game and exit?
Welcome back, Jenx the Troll Monk.
Okawaru says: Bring me glory in combat!
Press ? for a list of commands and other information.
Unknown command.
Unknown command.
Save game and exit?
Welcome back, Jenx the Troll Monk.
Okawaru says: Bring me glory in combat!
Press ? for a list of commands and other information.
Are you sure you want to abandon this character and quit the game? (Confirm with "yes".)
Okay, then.
Unknown command.
Are you sure you want to abandon this character and quit the game? (Confirm with "yes".)

##..........#
###........##
###..........##
#...##........##
#########......#####
#.# ####.....#...
#.####.#..........
#.............####
#@######.....## ###
####..# #..# ##..##
#....## #.....###
### #.......# #.###
##........ ##..###
#.........


There were no monsters in sight!

Vanquished Creatures
  Gastronok (D:9)
  The ghost of anything the Slinger, a powerful HaHu of Nemelex Xobeh (D:9)
  A deep elf mage (D:9)
  A hungry ghost (D:8)
  A steam dragon (D:9)
  A hippogriff (D:9)
  A water moccasin (D:5)
  4 ice beasts (D:9)
  2 necrophages
  An ogre (D:6)
  4 centaurs
  2 crocodiles
  Sigmund (D:3)
  6 giant frogs
  A big kobold (D:9)
  A komodo dragon skeleton (D:8)
  4 scorpions
  A water moccasin skeleton (D:5)
  9 killer bees (D:7)
  2 crimson imps (D:6)
  2 electric eels (D:7)
  A gnoll shaman (D:6)
  3 hounds
  3 jellies
  Natasha (twice) (D:3)
  3 iguanas
  8 worker ants
  5 orc wizards
  An ogre skeleton (D:8)
  Jessica (D:3)
  Terence (D:3)
  A big kobold skeleton (D:7)
  2 mummies
  5 green rats
  10 adders
  9 gnolls
  4 giant mites
  A shadow imp (D:7)
  2 worms
  An adder zombie (D:5)
  8 giant geckos
  6 oozes
  27 orcs
  13 ball pythons
  12 bats
  A bat skeleton (D:8)
  7 giant cockroaches
  7 hobgoblins
  6 jackals
  18 kobolds
  5 giant newts
  A giant spore (D:9)
  13 goblins
  2 orc skeletons
  3 quokkas
  37 rats
  A ballistomycete (D:9)
277 creatures vanquished.

Notes
Turn   | Place    | Note
--------------------------------------------------------------
     0 | D:1      | Jenx, the Troll Monk, began the quest for the Orb.
     0 | D:1      | Reached XP level 1. HP: 22/22 MP: 1/1
   169 | D:1      | Reached XP level 2. HP: 25/29 MP: 1/1
   542 | D:2      | Reached skill level 5 in Unarmed Combat
   584 | D:2      | Reached XP level 3. HP: 33/36 MP: 2/2
  1104 | D:2      | Reached XP level 4. HP: 40/44 MP: 2/2
  1180 | D:2      | Found a glowing golden altar of the Shining One.
  1392 | D:3      | Noticed Jessica
  1395 | D:3      | Killed Jessica
  1395 | D:3      | Reached skill level 6 in Unarmed Combat
  1498 | D:3      | Noticed Sigmund
  1511 | D:3      | Killed Sigmund
  1511 | D:3      | Reached XP level 5. HP: 12/50 MP: 2/2
  1661 | D:3      | Noticed Terence
  1689 | D:3      | Killed Terence
  1846 | D:3      | Reached skill level 7 in Unarmed Combat
  1858 | D:3      | Noticed Natasha
  1869 | D:3      | Killed Natasha
  1993 | D:3      | Noticed Blork the orc
  2144 | D:3      | Noticed Natasha
  2149 | D:3      | Killed Natasha
  2149 | D:3      | Reached XP level 6. HP: 48/59 MP: 3/3
  2323 | D:4      | Found a glowing silver altar of Zin.
  2821 | D:4      | Found a deep blue altar of Sif Muna.
  2841 | D:4      | Reached skill level 8 in Unarmed Combat
  3481 | D:5      | Entered Level 5 of the Dungeon
  3499 | D:5      | Noticed a water moccasin
  3504 | D:5      | Killed a water moccasin
  3504 | D:5      | Reached XP level 7. HP: 66/66 MP: 3/3
  3574 | D:5      | Reached skill level 9 in Unarmed Combat
  3908 | D:5      | Found a staircase to the Ecumenical Temple.
  4241 | D:5      | Found a glowing drain.
  4247 | Sewer    | Entered a sewer
  4746 | Sewer    | Reached skill level 10 in Unarmed Combat
  4753 | Sewer    | Reached XP level 8. HP: 32/74 MP: 3/3
  4931 | Temple   | Entered the Ecumenical Temple
  4976 | Temple   | Became a worshipper of Warmaster Okawaru
  4976 | Temple   | Acquired Okawaru's first power
  5436 | D:6      | Reached skill level 11 in Unarmed Combat
  5494 | D:6      | Found Thrih's Antique Weapon Emporium.
  6805 | D:7      | Reached skill level 12 in Unarmed Combat
  6851 | D:7      | Reached XP level 9. HP: 71/74 MP: 4/4
  6978 | D:7      | Found a sparkling altar of Nemelex Xobeh.
  6980 | D:7      | Found a blossoming altar of Fedhas.
  7570 | D:8      | Reached skill level 13 in Unarmed Combat
  8221 | D:9      | Noticed anything's ghost (powerful HaHu)
  8231 | D:9      | Killed anything's ghost
  8231 | D:9      | Reached skill level 14 in Unarmed Combat
  8252 | D:9      | Reached XP level 10. HP: 35/82 MP: 4/4
  8878 | D:9      | Noticed Gastronok
  8894 | D:9      | Killed Gastronok
  8894 | D:9      | Reached skill level 15 in Unarmed Combat
  8904 | D:9      | Acquired Okawaru's second power
  9302 | D:9      | Upgraded the game from 0.15.0-23-gc2b521c to 0.15.0-34-g666c3a1
  9302 | D:9      | Quit the game

Action                   |  1- 3 |  4- 6 |  7- 9 | 10-12 || total
-------------------------+-------+-------+-------+-------++-------
Melee: Unarmed           |    79 |   175 |   391 |    59 ||   704
Throw: Javelin           |       |     6 |    11 |     1 ||    18
       Stone             |       |       |    17 |       ||    17
Invok: Heroism           |       |       |     2 |     1 ||     3
Evoke: Wand              |       |     1 |     3 |     1 ||     5
  Use: Scroll            |       |     3 |     2 |       ||     5
       Potion            |       |     1 |     2 |       ||     3
 Stab: Sleeping          |     2 |       |     3 |       ||     5
       Distracted        |       |     1 |       |       ||     1
  Eat: Chunk             |    13 |    23 |    39 |     5 ||    80
       Pizza             |       |       |     2 |       ||     2
       Beef jerky        |       |       |     2 |       ||     2
       Fruit             |       |       |     1 |       ||     1
